 Dungeon Crawl Stone Soup version 0.22.1-1-ga44c0e56f4 (webtiles) character file.

3940 Jukra the Cleaver (level 10, -4/79 HPs)
             Began as a Demonspawn Abyssal Knight on Sept 23, 2018.
             Was an Elder of Lugonu.
             Killed by divine providence
             ... invoked by an orc priest
              (16 damage)
             ... on level 8 of the Dungeon.
             The game lasted 00:29:41 (6608 turns).

Jukra the Cleaver (Demonspawn Abyssal Knight)       Turns: 6608, Time: 00:29:41

Health: -4/79      AC: 21    Str: 16    XL:     10   Next: 1%
Magic:  11/12      EV: 22    Int: 14    God:    Lugonu [****..]
Gold:   407        SH:  0    Dex: 12    Spells: 9/9 levels left

rFire    . . .     SeeInvis .   a - +2 hand axe
rCold    . . .     Gourm    .   (no shield)
rNeg     + . .     Faith    .   i - +2 plate armour
rPois    .         Spirit   .   p - +0 helmet
rElec    .         Reflect  .   (no cloak)
rCorr    .         Harm     .   B - +2 pair of gloves
MR       .....                  P - +0 pair of boots
Stlth    ..........             G - amulet of the acrobat
HPRegen  0.23/turn              l - ring of attention
MPRegen  0.13/turn              f - ring of positive energy

@: no status effects
A: talons 1, spiny 2, sturdy frame 1
a: Depart the Abyss, Bend Space, Banish, Corrupt, Renounce Religion


You were on level 8 of the Dungeon.
You worshipped Lugonu.
Lugonu was greatly pleased with you.
You were not hungry.

You visited 1 branch of the dungeon, and saw 8 of its levels.
You visited the Abyss 1 time.

You collected 517 gold pieces.
You spent 110 gold pieces at shops.

Inventory:

Hand Weapons
 a - a +2 hand axe (weapon)
 q - a +1 whip of flaming
 w - a +2 mace of crushing
 z - a cursed -1 mace
 E - a +0 vampiric short sword
 L - a +1 antimagic falchion
 U - a +0 trident of freezing
Missiles
 d - 11 tomahawks (quivered)
Armour
 b - a +0 leather armour
 i - a +2 plate armour (worn)
 n - a +0 helmet
 p - a +0 helmet (worn)
 s - a +2 leather armour of fire resistance
 u - a +0 pair of gloves
 B - a +2 pair of gloves (worn)
 J - a +0 buckler
 P - a +0 pair of boots (worn)
Jewellery
 f - a ring of positive energy (right hand)
 l - a ring of attention (left hand)
 G - an amulet of the acrobat (around neck)
 O - a cursed -5 ring of strength {unknown}
Wands
 r - a wand of random effects (12)
 C - a wand of enslavement (16)
 K - a wand of flame (25)
 M - a wand of paralysis (16)
 S - a wand of polymorph (16)
Scrolls
 g - 2 scrolls of enchant weapon
 v - a scroll of teleportation
 y - a scroll of blinking
 F - a scroll of immolation {unknown}
 H - 3 scrolls of remove curse
 I - 4 scrolls of identify
 Q - a scroll of magic mapping
 T - a scroll of brand weapon {unknown}
Potions
 e - a potion of curing
 h - 2 potions of degeneration {unknown}
 j - a potion of haste {unknown}
 k - a potion of berserk rage {unknown}
 m - a potion of agility {unknown}
 o - 2 potions of brilliance {unknown}
 t - a potion of might {unknown}
 x - a potion of cancellation {unknown}
 A - a potion of flight {unknown}
 D - a potion of ambrosia {unknown}
 N - 4 potions of heal wounds
Comestibles
 c - 17 rations
 R - 5 chunks of flesh


   Skills:
 + Level 7.0 Fighting
 + Level 9.1 Axes
 + Level 7.4 Armour
 + Level 2.1 Dodging
 + Level 1.4 Stealth
 + Level 3.0 Invocations


You had 9 spell levels left.
You didn't know any spells.
Your spell library was empty.

Dungeon Overview and Level Annotations

Branches:
Dungeon (8/15)             Temple (0/1) D:7
   Lair: D:8-11

Altars:
Dithmenos
Nemelex Xobeh
Okawaru
Qazlal
Trog
Wu Jian
The Shining One

Shops:
D:7 %


Innate Abilities, Weirdness & Mutations

You have sharp toenails.
You are mostly covered in sharp spines.
Your movements are slightly less encumbered by armour. (ER -2)


Message History

Reactivating autopickup.
The sky beast hits you but does no damage.
Your plate armour prevents you from hitting the sky beast.
The sky beast is moderately wounded.
The orc priest calls down the wrath of Beogh upon you.
Beogh smites you!
* * * LOW HITPOINT WARNING * * *
The sky beast flickers out of sight!
Deactivating autopickup; reactivate with Ctrl-A.
Something hits you.
* * * LOW HITPOINT WARNING * * *
Something shocks you.
* * * LOW HITPOINT WARNING * * *
The orc priest looks braver for a moment.
You feel better. Something hits you but does no damage. Space bends around you!
You blink.
Found 18 bolts and a coral ring.
The orc priest calls down the wrath of Beogh upon you.
Beogh smites you!
You die...

#..# ..# ####..#
#.## #.....# ...#
#.#...# #..#
#.#...### #..#
###.#.....# #..#
#......##.# #..#
#......##.# #@.#
#.........# #..##
#......#### #...#
#....#.#
..#.###....#.#
...#.ยง##....#.#
..(.##o##....#.#
#=...##o..o.o...#
#....###........#
#...............#


You could see 2 orc priests.

Vanquished Creatures
  Pikel (D:4)
  A hornet (D:7)
  2 wyverns (D:8)
  4 hogs (D:7)
  A human (D:7)
  A hungry ghost (D:7)
  2 orc warriors
  A necrophage (D:8)
  An ice beast (D:5)
  2 slaves (D:4)
  2 phantoms
  A centaur (D:6)
  An ogre (D:5)
  A big kobold (D:4)
  A scorpion (D:8)
  3 killer bees (D:8)
  3 crimson imps
  2 bullfrog zombies
  2 hounds
  3 orc priests
  11 orc wizards
  Ijyb (D:3)
  A centaur skeleton (D:5)
  An iguana (D:4)
  Natasha (twice) (D:3)
  5 worker ants
  A hound skeleton (D:5)
  Robin (D:3)
  A worker ant zombie (D:8)
  3 gnolls (D:7)
  11 adders
  3 shadow imps
  3 oozes
  3 adder skeletons
  7 worms
  3 dart slugs
  A leopard gecko (D:1)
  21 orcs
  5 ball pythons
  6 giant cockroaches
  18 goblins
  6 hobgoblins
  17 jackals
  3 quokkas
  6 bats
  2 frilled lizards
  25 kobolds
  12 rats
214 creatures vanquished.

Vanquished Creatures (others)
  2 slaves (D:4)
  A scorpion (D:4)
  An orc wizard (D:4)
  A worm (D:4)
  A giant cockroach (D:4)
  2 ball pythons (D:4)
8 creatures vanquished.

Grand Total: 222 creatures vanquished

Notes
Turn   | Place    | Note
-------+----------+-------------------------------------------
     0 | Abyss:1  | Jukra the Demonspawn Abyssal Knight began the quest for the
                  | Orb.
     0 | Abyss:1  | Reached XP level 1. HP: 18/18 MP: 2/2
     0 | D:1      | Escaped the Abyss
    46 | D:1      | Reached * piety under Lugonu
    47 | D:1      | Reached skill level 2 in Axes
    59 | D:1      | Gained mutation: You are partially covered in sharp spines.
                  | [demonic ancestry]
    59 | D:1      | Reached XP level 2. HP: 8/24 MP: 4/4
   284 | D:1      | Reached skill level 1 in Dodging
   396 | D:1      | Gained mutation: Your movements are slightly less
                  | encumbered by armour. (ER -2) [demonic ancestry]
   396 | D:1      | Reached XP level 3. HP: 23/29 MP: 5/5
   740 | D:2      | Reached ** piety under Lugonu
  1102 | D:2      | Reached XP level 4. HP: 36/36 MP: 6/6
  1103 | D:2      | Reached skill level 3 in Axes
  1872 | D:3      | Noticed Natasha
  1882 | D:3      | Killed Natasha
  1925 | D:3      | Noticed Robin
  1927 | D:3      | Reached XP level 5. HP: 41/42 MP: 7/7
  1942 | D:3      | Killed Robin
  1942 | D:3      | Reached *** piety under Lugonu
  2016 | D:3      | Noticed Natasha
  2021 | D:3      | Killed Natasha
  2065 | D:3      | Noticed Ijyb
  2091 | D:3      | Killed Ijyb
  2091 | D:3      | Reached skill level 4 in Axes
  2419 | D:4      | Noticed a slave
  2421 | D:4      | Noticed a slave
  2428 | D:4      | Noticed a slave
  2431 | D:4      | Noticed a slave
  2437 | D:4      | Killed a slave
  2437 | D:4      | Reached XP level 6. HP: 11/48 MP: 8/8
  2691 | D:4      | Noticed Pikel
  2705 | D:4      | Killed a slave
  2720 | D:4      | Killed Pikel
  2720 | D:4      | Reached skill level 5 in Axes
  2720 | D:4      | Reached XP level 7. HP: 8/55 MP: 9/9
  3157 | D:4      | Found an iron altar of Okawaru.
  3327 | D:4      | Reached skill level 6 in Axes
  3332 | D:4      | Reached skill level 5 in Fighting
  3344 | D:4      | Found a stormy altar of Qazlal.
  3818 | D:4      | Reached **** piety under Lugonu
  3831 | D:4      | Gained mutation: You have sharp toenails. [demonic
                  | ancestry]
  3831 | D:4      | Reached XP level 8. HP: 34/62 MP: 10/10
  3974 | D:4      | Found a sparkling altar of Nemelex Xobeh.
  4198 | D:5      | Entered Level 5 of the Dungeon
  4223 | D:5      | Found a shadowy altar of Dithmenos.
  4264 | D:5      | Reached skill level 5 in Armour
  4475 | D:5      | Reached skill level 1 in Stealth
  4736 | D:5      | Reached skill level 7 in Axes
  5402 | D:6      | Reached XP level 9. HP: 67/69 MP: 11/11
  5422 | D:6      | Found an ornate altar of the Wu Jian Council.
  5583 | D:6      | Found a glowing golden altar of the Shining One.
  5724 | D:7      | Paralysed by a hornet for 2 turns
  5727 | D:7      | Reached skill level 8 in Axes
  6054 | D:7      | Found Luho Yfacepn's Food Shop.
  6064 | D:7      | Bought a ration for 55 gold pieces
  6064 | D:7      | Bought a ration for 55 gold pieces
  6189 | D:7      | Found a staircase to the Ecumenical Temple.
  6263 | D:7      | Noticed a moth of wrath
  6266 | D:7      | Found a bloodstained altar of Trog.
  6456 | D:8      | Reached skill level 9 in Axes
  6597 | D:8      | Gained mutation: You are mostly covered in sharp spines.
                  | [demonic ancestry]
  6597 | D:8      | Reached XP level 10. HP: 43/79 MP: 12/12
  6608 | D:8      | Killed from afar by an orc priest

Skill      XL: |  1  2  3  4  5  6  7  8  9 |
---------------+----------------------------+-----
Axes           | 2 3 4 5 6 7 9 |  9.1
Dodging        | 1 2 |  2.1
Armour         | 2 3 4 5 7 |  7.4
Fighting       | 4 5 7 |  7.0
Invocations    | 3 |  3.0
Stealth        | 1 |  1.4

Action                   |  1- 3 |  4- 6 |  7- 9 | 10-12 || total
-------------------------+-------+-------+-------+-------++-------
Melee: Hand axe          |    82 |   141 |   408 |     5 ||   636
       Kick              |       |       |    53 |       ||    53
Invok: Depart the Abyss  |     1 |       |       |       ||     1
       Bend Space        |       |     1 |       |     1 ||     2
  Use: Scroll            |     4 |     2 |     4 |       ||    10
       Potion            |       |     1 |     1 |     1 ||     3
  Eat: Chunk             |       |     5 |     6 |       ||    11
       Ration            |       |     1 |     2 |       ||     3
Armor: Leather armour    |    15 |       |       |       ||    15
       Plate armour      |    19 |   119 |   238 |     5 ||   381
Dodge: Dodged            |    41 |    39 |   130 |     1 ||   211
